 Dungeon Crawl Stone Soup version 0.30-a0-782-ge64f9170bb (console) character file.

Game seed: 4979048285545055941

277 rlgrobin the Insei (level 6, -6/36 HPs)
             Began as a Vampire Monk on Feb 18, 2023.
             Mangled by a gnoll
             ... wielding a +0 halberd
             ... led by a gnoll sergeant
              (13 damage)
             ... on level 5 of the Dungeon.
             The game lasted 00:09:35 (2766 turns).

rlgrobin the Insei (Vampire Monk)                   Turns: 2766, Time: 00:09:36

Health: -6/36      AC:  0    Str: 10    XL:     6   Next: 4%
Magic:  6/6        EV: 21    Int: 12    God:
Gold:   181        SH:  0    Dex: 24    Spells: 3/5 levels left

rFire   . . .      SeeInvis +      - Unarmed
rCold   + + .      Faith    .    (shield currently unavailable)
rNeg    + + +      Spirit   .    (body armour currently unavailable)
rPois   ∞          Reflect  .    (helmet currently unavailable)
rElec   .          Harm     .    (cloak currently unavailable)
rCorr   .          Rampage  .    (gloves currently unavailable)
Will    .....                    (boots currently unavailable)
Stlth   +++++                    i - amulet of regeneration
HPRegen 0.00/turn                (ring currently unavailable)
MPRegen 0.10/turn                (ring currently unavailable)

@: bat-form, flying, bloodless, inhibited regen, very quick
A: fast, flying, no casting, tiny, bloodless, fangs 3, see invisible, vampiric 2
a: Revivify, End Transformation


You were on level 5 of the Dungeon.
You were a vampire bat.
You visited 1 branch of the dungeon, and saw 5 of its levels.

You collected 181 gold pieces.

Inventory:

Armour
 a - a +0 robe (melded)
Jewellery
 c - an amulet of guardian spirit
 i - an amulet of regeneration (around neck)
Wands
 m - a wand of light (11)
 n - a wand of flame (13)
 q - a wand of paralysis (7)
 s - a wand of iceblast (5)
Scrolls
 e - 4 scrolls of identify {unknown}
 f - 2 scrolls of blinking {unknown}
 j - 4 scrolls of teleportation {unknown}
 k - 2 scrolls of fog {unknown}
 o - a scroll of immolation {unknown}
Potions
 b - 2 potions of ambrosia
 d - 3 potions of degeneration {unknown}
 g - 2 potions of mutation {unknown}
 h - 5 potions of curing {unknown}
 l - a potion of invisibility {unknown}
 p - a potion of brilliance {unknown}
 r - a potion of haste {unknown}


   Skills:
 - Level 2.6 Fighting
 - Level 3.2 Dodging
 - Level 3.0 Stealth
 + Level 6.8 Unarmed Combat
 + Level 2.3 Evocations


You had 3 spell levels left.
You knew the following spells:

 Your Spells              Type           Power      Damage    Failure   Level
a - Call Imp              Summ           0%         N/A       45%         2

Your spell library contained the following spells:

 Spells                   Type           Power      Damage    Failure   Level
 Magic Dart               Conj           0%         1d3       32%         1
 Necrotise                Necr           0%         1d4       32%         1
 Cigotuvi's Dreadful Rot  Necr/Pois/Air  0%         N/A       45%         2
 Poisonous Vapours        Pois/Air       0%         N/A       45%         2
 Kindle Blastsparks       Fire/Tloc/Air  0%         2d10      69%         3
 Mephitic Cloud           Conj/Pois/Air  0%         N/A       69%         3
 Vampiric Draining        Necr           0%         2d6       69%         3
 Fulminant Prism          Conj/Hex       0%         3d5       97%         4
 Iskenderun's Mystic Bla  Conj/Tloc      0%         2d3       97%         4
 Agony                    Necr           0%         N/A       100%        5
 Lee's Rapid Deconstruct  Erth           0%         3d4*      100%        5


Dungeon Overview and Level Annotations

Branches:
Dungeon (5/15)
 Temple: D:4-7

Altars:
Gozag
Okawaru
Vehumet
Wu Jian

Shops:
D:4 *

Annotations:
D:4 exclusions: 3 lemures, phantom and scorpion, Grinder


Innate Abilities, Weirdness & Mutations

You are a vampire bat.
You are tiny and dextrous.
You move quickly.
You are flying.
You are immune to poison.
Your equipment is almost entirely melded.
You are incapable of wielding weapons or throwing items.
You cannot cast spells.
You do not regenerate when monsters are visible.
You are frail without blood (-20% HP).
You can heal yourself when you bite living creatures.
You are immune to poison.
You have razor-sharp teeth.
You have supernaturally acute eyesight. (SInv)
You are afflicted with vampirism and can become a bat while bloodless.


Message History

Press: ? - help, Shift-Dir - straight line, f - gnoll
Aim: a gnoll, wielding a +0 flail (75% to hit)
The bolt of light hits the gnoll!
You kill the gnoll!
The bolt of light hits the gnoll sergeant!
The gnoll sergeant is heavily wounded.
The gnoll sergeant is blinded.
The gnoll shouts!
Aiming: Iceblast
Press: ? - help, Shift-Dir - straight line, f - gnoll
Aim: a gnoll, wielding a +0 flail and quivering a throwing net The mass of ice explodes!
The iceblast engulfs the gnoll!
The gnoll is almost dead.
The iceblast engulfs the gnoll sergeant!
The gnoll sergeant is almost dead.
You hear an angry hiss.
The gnoll throws a throwing net.
The throwing net hits you.
You become entangled in the net!
You see here a throwing net.
Aiming: Iceblast
Press: ? - help, Shift-Dir - straight line, f - gnoll
Aim: a gnoll, wielding a +0 halberd The mass of ice explodes!
The iceblast engulfs the gnoll!!
You kill the gnoll!
The iceblast engulfs the gnoll sergeant!
You kill the gnoll sergeant!
The gnoll barely misses you.
You feel your strength returning.
Your Evocations skill increases to level 2!
You have reached level 6!
You struggle against the net.
The gnoll hits you from afar with a +0 halberd!
You struggle against the net.
The gnoll hits you from afar with a +0 halberd!
You tear a large gash into the net.
The gnoll closely misses you.
The gnoll hits you from afar with a +0 spear.
* * * LOW HITPOINT WARNING * * *
You rip the net and break free!
The gnoll hits you from afar with a +0 halberd!
You die...

..#..##.. ..#
#..g...##.# [.
#......#..## ..[
#g.........#. ##.#
#<..##... ...
#..#.....#####.##
##.....#....[....#
##....#.####......#
#.....)gg.b....<..#
#g....#...#...#####
#######....###g###..#
............#...#..##
.......<.(...._....#
.........#..#...#..#
^..........###.###..
.........#..#...#..#
.........#..... ...#


You could see 3 gnolls.

Vanquished Creatures
  A gnoll sergeant (D:5)
  An orc priest (D:3)
  Ijyb (D:3)
  Natasha (D:3)
  Robin (D:3)
  2 gnolls (D:5)
  3 adders
  2 worms
  3 orcs (D:3)
  7 endoplasms
  2 giant cockroaches (D:1)
  14 goblins
  5 hobgoblins
  5 jackals
  4 quokkas
  7 ball pythons
  5 bats
  2 frilled lizards
  3 kobolds
  2 rats
71 creatures vanquished.

Notes
Turn   | Place    | Note
-------+----------+-------------------------------------------
     0 | D:1      | rlgrobin the Vampire Monk began the quest for the Orb.
     0 | D:1      | Reached XP level 1. HP: 17/17 MP: 1/1
   211 | D:1      | Reached XP level 2. HP: 23/23 MP: 2/2
   237 | D:1      | Reached skill level 4 in Unarmed Combat
  1017 | D:2      | Gained mutation: You are afflicted with vampirism and can
                  | become a bat while bloodless. [Vampire growth]
  1017 | D:2      | Reached XP level 3. HP: 27/28 MP: 3/3
  1219 | D:2      | Reached skill level 5 in Unarmed Combat
  1288 | D:3      | Noticed Robin
  1354 | D:3      | Learned a level 2 spell: Call Imp
  1354 | D:3      | Noticed Natasha
  1384 | D:3      | Reached XP level 4. HP: 20/27 MP: 4/4
  1462 | D:3      | Reached skill level 6 in Unarmed Combat
  1486 | D:3      | Found an ornate altar of the Wu Jian Council.
  1488 | D:3      | Noticed Ijyb
  1829 | D:3      | Killed Robin
  1860 | D:3      | Killed Ijyb
  1861 | D:3      | Reached skill level 1 in Evocations
  1861 | D:3      | Reached XP level 5. HP: 13/31 MP: 5/5
  1932 | D:3      | Killed Natasha
  2117 | D:4      | Found an iron altar of Okawaru.
  2124 | D:4      | Noticed a lemure
  2124 | D:4      | Noticed a lemure
  2138 | D:4      | Found Alaemyde's General Store.
  2281 | D:4      | Found an opulent altar of Gozag.
  2282 | D:4      | Found an opulent altar of Gozag.
  2283 | D:4      | Found an opulent altar of Gozag.
  2300 | D:4      | Found an opulent altar of Gozag.
  2371 | D:4      | Noticed a lemure
  2495 | D:4      | Noticed Grinder
  2506 | D:4      | Noticed an ogre
  2618 | D:5      | Entered Level 5 of the Dungeon
  2625 | D:5      | Found a radiant altar of Vehumet.
  2732 | D:4      | Noticed a phantom
  2763 | D:5      | Reached XP level 6. HP: 36/36 MP: 6/6
  2766 | D:5      | Mangled by a gnoll

Illustrated notes

Levels and vault maps discovered:
D:1:      lemuel_arrival_rhombus, layout_basic, patterned_corridor
D:2:      layout_rooms, hex_large
D:3:      layout_rooms, mainiacjoe_overflow_cross_hatched, fountainhead,
          uniq_robin, uniq_ijyb, uniq_natasha
D:4:      layout_loops_cross, nicolae_gozag_conspicuous_consumption,
          kennysheep_little_box, serial_shops, nicolae_shop_trees, uniq_grinder,
          uniq_pikel
D:5:      layout_rooms, mainiacjoe_overflow_boulevard, vehumet_crystals,
          makhleb_grotto_becter, jmf_multi_god_temple, minmay_temple_entry_grid

Skill      XL: |  1  2  3  4  5 |
---------------+----------------+-----
Unarmed Combat | 4 5 6 |  6.8
Evocations     | 1 2 |  2.3
Fighting       | |  2.6
Dodging        | |  3.2
Stealth        | |  3.0

Action                     |  1- 3 |  4- 6 || total
---------------------------+-------+-------++-------
  Melee: Unarmed           |   129 |    91 ||   220
         Bite              |    14 |    16 ||    30
         Punch             |     4 |       ||     4
Ability: Bat Form          |     1 |       ||     1
         Exsanguinate      |     1 |       ||     1
  Evoke: Wand              |       |    12 ||    12
   Stab: Sleeping          |     9 |     6 ||    15
         Invisible         |       |     1 ||     1
 Armour: Robe              |     4 |       ||     4
  Dodge: Dodged            |    71 |    60 ||   131

Table legend: (Time is in decaauts)
 A = Elapsed time spent in this place.
 B = Non-inter-level travel time spent in this place.
 C = Inter-level travel time spent in this place.
 D = Time resting spent in this place.
 E = Time spent auto-exploring this place.
 F = Levels seen in this place.
 G = Mean time per level.
                   A        B        C        D        E       F      G
               +--------+--------+--------+--------+--------+-----+--------+
         Total |   2164 |   2100 |     64 |     82 |   1344 |   5 |  432.8 |
       Dungeon |   2164 |   2100 |     64 |     82 |   1344 |   5 |  432.8 |
               +--------+--------+--------+--------+--------+-----+--------+

Top non-repeatable levels by time:
     D:1: 788 daAuts
     D:3: 539 daAuts
     D:4: 419 daAuts
     D:2: 393 daAuts
     D:5: 24 daAuts
